 Dungeon Crawl Stone Soup version 0.28.0 (webtiles) character file.

Game seed: 11669175410112082657

24517 Cykl0x the Geomancer (level 13, -4/80 HPs)
             Began as a Gargoyle Earth Elementalist on Feb 13, 2022.
             Was a Believer of the Shining One.
             Slain by a death yak (17 damage)
             ... in an ice cave.
             The game lasted 00:39:50 (16635 turns).

Cykl0x the Geomancer (Gargoyle Earth Elementalist) Turns: 16635, Time: 00:39:51

Health: -4/80      AC: 29    Str: 20    XL:     13   Next: 13%
Magic:  6/25       EV: 11    Int: 21    God:    the Shining One [**....]
Gold:   988        SH:  7    Dex: 16    Spells: 13/28 levels left

rFire   + + +      SeeInvis .   z - +4 double sword (holy)
rCold   + . .      Faith    .   (no shield)
rNeg    + + .      Spirit   .   F - +5 scale mail of the Snake Pit {rF+++ Int+2 Dex+2 Slay-3}
rPois   ∞          Reflect  .   P - +1 hat "Quff" {rF+++}
rElec   +          Harm     .   p - +2 cloak {rPois}
rCorr   +          Rampage  .   d - +1 pair of gloves
Will    .....                   (no boots)
Stlth   +.........              Q - amulet of magic regeneration
HPRegen 0.23/turn               x - +6 ring of strength
MPRegen 0.59/turn               O - ring of Entiggam {Ice Drain rCorr Dex+4 Slay+2}

@: divinely shielded, very slightly contaminated, glowing
A: sickness immunity, AC +9, negative energy resistance 1, electricity
resistance, torment resistance 1, petrification resistance
a: Renounce Religion, Divine Shield


You were in an ice cave.
You worshipped the Shining One.
The Shining One was pleased with you.
You visited 2 branches of the dungeon, and saw 13 of its levels.
You also visited: Ice Cave.

You collected 988 gold pieces.

Inventory:

Hand Weapons
 f - a +2 vorpal scimitar
 z - a +4 double sword of holy wrath (weapon)
 J - a +1 dagger of electrocution
Missiles
 c - 349 stones
Armour
 b - a +0 robe
 d - a +1 pair of gloves (worn)
 h - a +3 leather armour
 p - a +2 cloak of poison resistance (worn)
 v - the +0 ring mail of the Other World {rElec rF- Str+3 Slay+2}
   (You found it on level 4 of the Dungeon)

   Str:       It affects your strength (+3).
   Slay:      It affects your accuracy & damage with ranged weapons and melee
   (+2).
   rF:        It makes you vulnerable to fire.
   rElec:     It insulates you from electricity.
 F - the +5 scale mail of the Snake Pit (worn) {rF+++ Int+2 Dex+2 Slay-3}
   (You found it on level 8 of the Dungeon)

   Int:       It affects your intelligence (+2).
   Dex:       It affects your dexterity (+2).
   Slay:      It affects your accuracy & damage with ranged weapons and melee
   (-3).
   rF:        It renders you almost immune to fire.
 P - the +1 hat "Quff" (worn) {rF+++}
   (You found it on level 10 of the Dungeon)

   rF:        It renders you almost immune to fire.
Jewellery
 e - a +6 ring of dexterity
 l - a +6 ring of strength
 m - the amulet of Vitality {Regen+ HP+15}
   (You found it on level 3 of the Dungeon)

   [amulet of regeneration]

   HP:        It affects your health (+15).
   Regen:     It increases your rate of health regeneration.
 w - a ring of flight
 x - a +6 ring of strength (left hand)
 I - a ring of fire
 O - the ring of Entiggam (right hand) {Ice Drain rCorr Dex+4 Slay+2}
   (You found it on level 10 of the Dungeon)

   [ring of ice]

   It enhances your ice magic.
   Dex:       It affects your dexterity (+4).
   Slay:      It affects your accuracy & damage with ranged weapons and melee
   (+2).
   rF:        It makes you vulnerable to fire.
   rC:        It protects you from cold.
   rCorr:     It protects you from acid and corrosion.
   Drain:     It drains your maximum health when unequipped.
 Q - an amulet of magic regeneration (around neck)
Wands
 a - a wand of paralysis (3)
 i - a wand of mindburst (5)
 r - a wand of flame (30)
 t - a wand of acid (6)
 B - a wand of polymorph (3)
Scrolls
 s - 3 scrolls of amnesia
 u - 5 scrolls of teleportation
 y - a scroll of blinking
 D - a scroll of identify
 E - a scroll of enchant weapon
 K - a scroll of immolation
 L - a scroll of vulnerability
 M - a scroll of enchant armour
 N - a scroll of summoning
Potions
 g - 3 potions of resistance
 j - 4 potions of curing
 k - a potion of haste
 n - a potion of might
 o - a potion of ambrosia
 q - 4 potions of invisibility
 A - a potion of cancellation
 G - a potion of berserk rage {unknown}
 H - a potion of brilliance {unknown}
 R - a potion of lignification {unknown}


   Skills:
 * Level 9.5 Fighting
 + Level 2.3(4.7) Short Blades
 + Level 6.4(6.6) Long Blades
 + Level 8.6 Armour
 + Level 3.7 Dodging
 - Level 2.1 Stealth
 + Level 0.5 Shields
 + Level 8.3 Spellcasting
 + Level 10.0 Conjurations
 - Level 0.7 Transmutations
 + Level 11.4 Earth Magic
 + Level 4.5 Invocations
 + Level 0.1 Evocations


You had 13 spell levels left.
You knew the following spells:

 Your Spells              Type           Power      Damage    Failure   Level
a - Sandblast             Erth           100%       2d20      1%          1
b - Stone Arrow           Conj/Erth      100%       3d13      1%          3
c - Iron Shot             Conj/Erth      26%        9d6       34%         6
d - Magic Dart            Conj           100%       1d8       1%          1
e - Fulminant Prism       Conj/Hex       14%        3d9       24%         4

Your spell library contained the following spells:

 Spells                   Type           Power      Damage    Failure   Level
 Searing Ray              Conj           100%       2d8       1%          2
 Passwall                 Tmut/Erth      28%        N/A       2%          2
 Iskenderun's Battlesphe  Conj           50%        2d10      9%          5
 Petrify                  Tmut/Erth      34%        N/A       16%         4
 Animate Skeleton         Necr           16%        N/A       19%         1
 Pain                     Necr           32%        1d5       19%         1
 Hailstorm                Conj/Ice       44%        3d10      24%         4
 Gell's Gravitas          Tloc           8%         N/A       50%         3
 Ozocubu's Armour         Ice            13%        N/A       50%         3
 Teleport Other           Tloc           8%         N/A       50%         3
 Vampiric Draining        Necr           8%         2d6       50%         3
 Ice Form                 Ice/Tmut       15%        N/A       85%         4
 Olgreb's Toxic Radiance  Pois           8%         N/A       88%         4
 Dispersal                Tloc           4%         N/A       100%        6
 Simulacrum               Ice/Necr       6%         N/A       100%        6
 Ozocubu's Refrigeration  Ice            6%         4d6       100%        7
 Spellforged Servitor     Conj/Summ      14%        N/A       100%        7
 Ignition                 Fire           4%         3d4       100%        8


Dungeon Overview and Level Annotations

Branches:
Dungeon (12/15)            Temple (1/1) D:6            Lair (0/6) D:11
    Orc (0/2) D:9           IceCv (1/1)

Altars:
Cheibriados
Fedhas
Gozag
Nemelex Xobeh
Sif Muna
Trog
Xom
Yredelemnul
Zin
The Shining One
Beogh

Shops:
D:4 *

Portals:
Trove: D:11 (give 18 potions of curing)


Innate Abilities, Weirdness & Mutations

You are immune to sickness and miasma.
Your stone body is resilient. (AC +9)
You are immune to poison.
You resist negative energy. (rN+)
You are resistant to electric shocks. (rElec)
You are resistant to unholy torment.
You are immune to petrification.


Message History

The death yak gores you but does no damage.
You block the death yak's attack.
Unknown command.
You slash the death yak!
The death yak is heavily wounded.
The death yak closely misses you.
The death yak gores you but does no damage.
You block the death yak's attack.
You hit the death yak.
The death yak is heavily wounded.
The death yak gores you but does no damage.
The death yak gores you!
* * * LOW HITPOINT WARNING * * *
Unknown command.
You feel much better. The death yak gores you!
* * * LOW HITPOINT WARNING * * *
The death yak closely misses you.
You feel much better. The death yak closely misses you.
The death yak gores you but does no damage.
Casting: Stone Arrow (safe; 1% risk of failure)
Confirm with . or Enter, or press ? or * to list all spells.
The spell is quite dangerous to miscast (34% risk of failure)!
Continue anyway?
Aiming: Iron Shot (quite dangerous; 34% risk of failure)
Press: ? - help, Shift-Dir - straight line, f - death yak, p - death yak
Aim: a death yak (heavily wounded, haloed, 93% to hit)
The iron shot hits the death yak!!
The death yak is almost dead.
You block the death yak's attack. The death yak gores you!
Unknown command.
You hit the death yak.
The death yak is almost dead.
The death yak gores you!
* * * LOW HITPOINT WARNING * * *
You block the death yak's attack.
You completely miss the death yak.
The death yak is almost dead.
The death yak barely misses you.
The death yak gores you but does no damage.
The death yak gores you!
You die...

#.†#.....#####
#..####..##∩..##
#.. #..####..∩#
#. ##..# #....#
.⌠ #...####...#
.. ##...####..##
### ###...##...#
##...##..#
##..Y@..#
###Y..## #####


You could see 2 death yaks.

Vanquished Creatures
  Josephine (D:10)
  2 boulder beetles
  Urug (D:10)
  A death yak (IceCv)
  3 skeletal warriors (D:12)
  A lindwurm (D:10)
  2 cyclopes
  A gargoyle (D:11)
  2 unseen horrors
  2 kobold demonologists (D:12)
  2 rime drakes (D:12)
  2 polar bears (IceCv)
  3 trolls
  2 hornets
  4 wraiths (D:10)
  A wyvern (D:9)
  17 yaks
  Grum (D:10)
  A steam dragon (D:6)
  4 vampire mosquitoes (D:12)
  3 redbacks (D:10)
  2 wargs (D:9)
  Edmund (D:5)
  2 water moccasins
  6 orc warriors
  A black bear (D:4)
  4 ogres
  7 wolves
  4 centaurs
  A kobold brigand (D:9)
  2 scorpions
  A wyvern zombie (D:7)
  2 bullfrogs
  2 water moccasin skeletons
  3 howler monkeys (D:11)
  3 wights (D:8)
  3 electric eels (D:8)
  A bullfrog zombie (D:5)
  3 lava snakes (D:10)
  3 centaur zombies
  Crazy Yiuf (D:3)
  A bullfrog skeleton (D:6)
  12 orc priests
  3 hounds (D:6)
  A gnoll shaman (D:7)
  Jessica (D:2)
  4 iguanas
  5 orc wizards
  A killer bee zombie (D:5)
  7 adders
  4 gnolls (D:7)
  A shadow imp (D:5)
  A white imp (D:8)
  An ufetubus (D:4)
  A worm (D:3)
  5 dart slugs
  30 orcs
  4 endoplasms
  4 giant cockroaches
  8 goblins
  6 hobgoblins
  4 jackals (D:1)
  2 quokkas (D:2)
  5 ball pythons
  7 bats
  6 frilled lizards
  17 kobolds
  5 rats
254 creatures vanquished.

Vanquished Creatures (others)
  5 plants
5 creatures vanquished.

Grand Total: 259 creatures vanquished

Notes
Turn   | Place    | Note
-------+----------+-------------------------------------------
     0 | D:1      | Cykl0x the Gargoyle Earth Elementalist began the quest for
                  | the Orb.
     0 | D:1      | Reached XP level 1. HP: 10/10 MP: 3/3
   250 | D:1      | Reached XP level 2. HP: 16/16 MP: 3/5
   259 | D:1      | Reached skill level 4 in Earth Magic
   485 | D:1      | Reached skill level 1 in Conjurations
   794 | D:1      | Reached XP level 3. HP: 20/20 MP: 2/6
   798 | D:1      | Learned a level 3 spell: Stone Arrow
  1058 | D:1      | Found a faded altar of an unknown god.
  1297 | D:2      | Noticed Jessica
  1299 | D:2      | Killed Jessica
  1300 | D:2      | Reached skill level 1 in Fighting
  1447 | D:2      | Reached XP level 4. HP: 25/25 MP: 5/7
  1738 | D:2      | Reached skill level 1 in Short Blades
  1738 | D:2      | Reached XP level 5. HP: 22/29 MP: 0/9
  1913 | D:2      | You fall into a shaft and drop 1 floor!
  2172 | D:3      | Noticed a water moccasin
  2183 | D:3      | Killed a water moccasin
  2184 | D:3      | Reached skill level 5 in Earth Magic
  2184 | D:3      | Reached XP level 6. HP: 16/35 MP: 0/10
  2355 | D:3      | Found a runed translucent door.
  2356 | D:3      | Noticed Crazy Yiuf
  3407 | D:3      | Found the amulet of Vitality {Regen+ HP+15}
  3729 | D:3      | Killed Crazy Yiuf
  3834 | D:4      | Found Obiuck's Gadget Gallery.
  4139 | D:2      | Reached skill level 1 in Armour
  4626 | D:4      | Learned a level 6 spell: Iron Shot
  4657 | D:4      | Noticed a black bear
  4820 | D:4      | Killed a black bear
  4821 | D:4      | Reached XP level 7. HP: 28/40 MP: 1/12
  5422 | D:4      | Found a basalt altar of Yredelemnul.
  5623 | D:4      | Identified the +0 ring mail of the Other World {rElec rF-
                  | Str+3 Slay+2}
  5665 | D:5      | Entered Level 5 of the Dungeon
  5891 | D:5      | Reached skill level 6 in Earth Magic
  6039 | D:5      | Noticed Edmund
  6044 | D:5      | Killed Edmund
  6045 | D:5      | Reached XP level 8. HP: 48/48 MP: 1/14
  7265 | D:6      | Reached skill level 5 in Spellcasting
  7532 | D:6      | Reached skill level 5 in Fighting
  7561 | D:6      | Reached skill level 5 in Conjurations
  7561 | D:6      | Reached XP level 9. HP: 54/54 MP: 3/16
  7564 | D:6      | Reached skill level 7 in Earth Magic
  7748 | D:6      | Found a staircase to the Ecumenical Temple.
  7979 | Temple   | Entered the Ecumenical Temple
  7997 | Temple   | Became a worshipper of the Shining One
  8453 | D:7      | Reached skill level 1 in Long Blades
  8551 | D:7      | Learned a level 1 spell: Magic Dart
  8810 | D:7      | Reached skill level 1 in Invocations
  9347 | D:7      | Noticed a hornet
  9355 | D:7      | Killed a hornet
 10575 | D:8      | Reached * piety under the Shining One
 10716 | D:8      | Identified the +5 scale mail of the Snake Pit {rF+++ Int+2
                  | Dex+2 Slay-3}
 10732 | D:8      | Reached XP level 10. HP: 60/60 MP: 11/19
 10959 | D:8      | Noticed a cyclops
 10966 | D:8      | Killed a cyclops
 10967 | D:8      | Reached skill level 8 in Earth Magic
 12034 | D:9      | Found a staircase to the Orcish Mines.
 12628 | D:9      | Identified a scroll of acquirement
 12628 | D:9      | Acquired 436 gold pieces
 12948 | D:10     | Entered Level 10 of the Dungeon
 13041 | D:10     | Noticed Josephine
 13041 | D:10     | Reached ** piety under the Shining One
 13043 | D:10     | Noticed an unseen horror
 13055 | D:10     | Killed Josephine
 13056 | D:10     | Reached XP level 11. HP: 51/67 MP: 2/21
 13069 | D:10     | Reached skill level 5 in Armour
 13265 | D:10     | Reached skill level 10 in Earth Magic
 13265 | D:10     | Reached XP level 12. HP: 72/72 MP: 22/22
 13281 | D:10     | Noticed Urug
 13313 | D:10     | Killed Urug
 13426 | D:10     | Found a runed translucent door.
 13438 | D:10     | Found the +8 whip "Snakebite" {venom, curare, rPois}
 13470 | D:10     | Noticed Grum
 13481 | D:10     | Killed Grum
 13869 | D:10     | Reached skill level 5 in Long Blades
 14035 | D:10     | Identified the +1 hat "Quff" {rF+++}
 14039 | D:10     | Found a runed translucent gate.
 14039 | D:10     | Found a runed translucent gate.
 14039 | D:10     | Found a runed translucent gate.
 14039 | D:10     | Found a runed translucent gate.
 14040 | D:10     | Found a runed translucent gate.
 14042 | D:10     | Found a runed translucent gate.
 14042 | D:10     | Noticed a boulder beetle
 14137 | D:10     | Killed a boulder beetle
 14386 | D:10     | Identified the ring of Entiggam {Ice Drain rCorr Dex+4
                  | Slay+2}
 14561 | D:11     | Found a staircase to the Lair.
 14629 | D:11     | Reached skill level 11 in Earth Magic
 15424 | D:11     | Found a portal to a secret trove of treasure.
 15553 | D:11     | Noticed a boulder beetle
 15561 | D:11     | Killed a boulder beetle
 15817 | D:11     | Learned a level 4 spell: Fulminant Prism
 16252 | D:12     | Reached XP level 13. HP: 80/80 MP: 25/25
 16299 | D:12     | Reached skill level 10 in Conjurations
 16299 | D:12     | Found a frozen archway.
 16305 | IceCv    | Entered an ice cave
 16635 | IceCv    | Slain by a death yak

Illustrated notes

Levels and vault maps discovered:
D:1:      dpeg_chamrin_arrival_tetris, layout_loops_ring,
          hellmonk_ecumenical_altar_defaced_shrine, chequers_serial_rivers_marsh
D:2:      layout_basic, uniq_jessica
D:3:      layout_loops_corners, lexackson_kobold_supper, uniq_crazy_yiuf_cottage
D:4:      layout_rooms, overflow_temple_1_default, nicolae_shop_gadgets
D:5:      layout_loops_ring, minmay_crystal_water, uniq_edmund
D:6:      layout_loops_ring, lemuel_temple_firewalk_b
D:7:      layout_loops_corners
D:8:      layout_loops_ring, nrook_uturn, kennysheep_minor_cross
D:9:      layout_stronghold, erik_orc_4
D:10:     gammafunk_indiana_jones, layout_cave_pools,
          kennysheep_decorative_pillar, uniq_urug, uniq_grum, uniq_josephine
D:11:     layout_irregular_city, lair_entry_dummy, nicolae_trove_entry_diagonal
D:12:     layout_roguey, portal_ice_cave_rime, uniq_erolcha, uniq_fannar
Temple:   nicolae_temple_the_god_donut
IceCv:    ice_cave_caverns_03

Skill      XL: |  1  2  3  4  5  6  7  8  9 10 11 12 13 |
---------------+----------------------------------------+-----
Earth Magic    | 4 5 6 7 8 10 11 | 11.4
Conjurations   | 1 2 3 4 5 6 7 9 10 | 10.0
Fighting       | 1 2 3 5 6 7 9 |  9.5
Short Blades   | 1 2 |  2.3
Spellcasting   | 3 4 5 6 8 |  8.3
Armour         | 1 2 3 4 7 8 |  8.6
Dodging        | 2 3 |  3.7
Long Blades    | 2 4 6 |  6.4
Invocations    | 3 4 |  4.5
Stealth        | |  2.1
Shields        | |  0.5
Transmutations | |  0.7
Evocations     | |  0.1

Action                   |  1- 3 |  4- 6 |  7- 9 | 10-12 | 13-15 || total
-------------------------+-------+-------+-------+-------+-------++-------
Melee: Dagger            |    23 |   107 |    74 |       |       ||   204
       Scimitar          |       |       |    40 |    66 |       ||   106
       Punch             |       |       |     1 |     8 |       ||     9
       Double sword      |       |       |       |    86 |    22 ||   108
 Cast: Sandblast         |    27 |    24 |    16 |     8 |     2 ||    77
       Stone Arrow       |     4 |    51 |   112 |   111 |    14 ||   292
       Magic Dart        |       |       |    23 |    50 |       ||    73
       Iron Shot         |       |       |       |    18 |     4 ||    22
Invok: Divine Shield     |       |       |       |     2 |     2 ||     4
Evoke: Wand              |       |       |     2 |     3 |       ||     5
  Use: Scroll            |     2 |     6 |     8 |     9 |       ||    25
       Potion            |       |       |       |     5 |     2 ||     7
Armor: Robe              |     5 |     5 |       |       |       ||    10
       Leather armour    |       |    49 |    92 |       |       ||   141
       Scale mail        |       |       |       |   158 |    51 ||   209
Dodge: Dodged            |    30 |    67 |   121 |   137 |    37 ||   392
Block: Other             |       |       |       |     9 |    25 ||    34
